 Dungeon Crawl Stone Soup version 0.19.5 (webtiles) character file.

53 TryAgain the Conjurer (level 3, 0/19 HPs)
             Began as a Deep Elf Conjurer on Mar 3, 2017.
             Slain by Crazy Yiuf
             ... wielding a +3 quarterstaff of chaos
              (7 damage)
             ... on level 2 of the Dungeon.
             The game lasted 00:04:10 (1267 turns).

TryAgain the Conjurer (Deep Elf Conjurer)           Turns: 1267, Time: 00:04:11

Health: 0/19       AC:  4    Str:  5    XL:     3   Next: 62%
Magic:  5/10       EV: 13    Int: 20    God:
Gold:   150        SH:  0    Dex: 15    Spells: 1 memorised, 9 levels left

rFire  . . .     SeeInvis .     d - +0 spear
rCold  . . .     Gourm    .     a - +1 robe
rNeg   . . .     Faith    .     (no shield)
rPois  .         Spirit   .     (no helmet)
rElec  .         Reflect  .     (no cloak)
rCorr  .         Harm     .     (no gloves)
MR     .....                    (no boots)
Stlth  ++........               (no amulet)
                                (no ring)
                                e - +1 ring of protection

@: no status effects
A: no striking features
a: no special abilities


You were on level 2 of the Dungeon.
You were not hungry.

You visited 1 branch of the dungeon, and saw 2 of its levels.

You collected 150 gold pieces.

Inventory:

Hand Weapons
 d - a +0 spear (weapon)
 f - a +0 dagger
Armour
 a - a +1 robe (worn)
Jewellery
 e - a +1 ring of protection (left hand)
Scrolls
 h - 2 scrolls of teleportation
Potions
 g - 2 potions of flight
 i - a potion of curing
 j - a potion of cancellation {unknown}
Books
 b - a book of Conjurations

   Spells                             Type                      Level
   a - Magic Dart                     Conjuration                  1
   b - Searing Ray                    Conjuration                  2
   c - Dazzling Spray                 Conjuration/Hexes            3
   d - Fulminant Prism                Conjuration/Hexes            4
   e - Iskenderun's Mystic Blast      Conjuration                  4
   f - Iskenderun's Battlesphere      Conjuration/Charms           5
Comestibles
 c - 3 bread rations
 k - a chunk of flesh


   Skills:
 + Level 3.3 Dodging
 - Level 2.4 Stealth
 + Level 4.0 Spellcasting
 + Level 5.0 Conjurations


You had 9 spell levels left.
You knew the following spells:

 Your Spells              Type           Power        Failure   Level  Hunger
a - Magic Dart            Conj           ###.         1%          1    None


Dungeon Overview and Level Annotations

Branches:
Dungeon (2/15)

Altars:
Dithmenos
Uskayaw

Annotations:
D:2 Crazy Yiuf


Message History

Crazy Yiuf is almost dead.
Casting: Magic Dart
Confirm with . or Enter, or press ? or * to list all spells.
Aiming: Magic Dart
Press: ? - help, Shift-Dir - straight line, f/p - Crazy Yiuf
Aim: Crazy Yiuf, wielding a quarterstaff of chaos and wearing a cloak (almost dead)
The magic dart hits Crazy Yiuf.
Crazy Yiuf is almost dead.
Crazy Yiuf hits you with a quarterstaff of chaos!
Ouch! That really hurt!
Crazy Yiuf draws strength from your wounds!
Casting: Magic Dart
Confirm with . or Enter, or press ? or * to list all spells.
Aiming: Magic Dart
Press: ? - help, Shift-Dir - straight line, f/p - Crazy Yiuf
Aim: Crazy Yiuf, wielding a quarterstaff of chaos and wearing a cloak (heavily wounded)
The magic dart hits Crazy Yiuf.
Crazy Yiuf is heavily wounded.
Crazy Yiuf hits you with a quarterstaff of chaos!
You die...

######## #######
##....#.### ###
#.....#
##......#..##...#
#....>#
#......####@g...#
#.....# #.....##
###..)# #....(#
#.##### ###
####.## #.# #.##
#.# #..## #.#
###### #####..##
#.#######....#
##.......##
#............#
#..#####.†.
######.##.####
#.## #..)


You could see Crazy Yiuf.

Vanquished Creatures
  An ooze (D:2)
  A worm (D:2)
  A dart slug (D:1)
  A leopard gecko (D:1)
  A ball python (D:1)
  5 giant cockroaches
  5 goblins
  4 hobgoblins
  9 kobolds
  3 bats
  6 frilled lizards
  3 rats
40 creatures vanquished.

Notes
Turn   | Place    | Note
-------+----------+-------------------------------------------
     0 | D:1      | TryAgain the Deep Elf Conjurer began the quest for the Orb.
     0 | D:1      | Reached XP level 1. HP: 10/10 MP: 6/6
   132 | D:1      | Reached XP level 2. HP: 15/15 MP: 4/8
   713 | D:2      | Reached XP level 3. HP: 19/19 MP: 7/10
   845 | D:2      | Found a hide-covered altar of Uskayaw.
   959 | D:2      | Found a shadowy altar of Dithmenos.
   979 | D:2      | Reached skill level 5 in Conjurations
  1250 | D:2      | Found a runed door.
  1262 | D:2      | Noticed Crazy Yiuf
  1267 | D:2      | Slain by Crazy Yiuf

Skill      XL: |  1  2  3 |
---------------+----------+-----
Dodging        | 3 |  3.3
Conjurations   | 5 |  5.0
Spellcasting   | 4 |  4.0
Stealth        | |  2.4

Action                   || total
-------------------------++-------
Melee: Dagger            ||     4
       Spear             ||     1
 Cast: Magic Dart        ||    83
  Use: Scroll            ||     8
 Stab: Distracted        ||     1
  Eat: Chunk             ||     1
Armor: Robe              ||     1
Dodge: Dodged            ||     8
